 Dungeon Crawl Stone Soup version bcrawl-1.27.3 (webtiles) character file.

Game seed: 5243870083148952045

181212 Freyura the Shield-Bearer (level 5, -3/47 HPs)
             Began as a Minotaur Fighter on Aug 2, 2020.
             Slain by a sky beast (6 damage)
             ... on level 4 of the Dungeon.
             The game lasted 00:05:23 (2333 turns).

Freyura the Shield-Bearer (Minotaur Fighter)        Turns: 2333, Time: 00:05:24

Health: -3/47      AC: 12    Str: 20    XL:     5   Next: 69%
Magic:  4/4        EV:  4    Int:  5    God:
Gold:   269        SH:  9    Dex: 11    Spells: 4/4 levels left

rFire    . . .     SeeInvis .   a - +0 flail
rCold    . . .     Gourm    .   c - +0 medium shield
rNeg     . . .     Faith    .   p - +2 chain mail {rPois}
rPois    +         Spirit   .   (helmet restricted)
rElec    .         Reflect  .   (no cloak)
rCorr    .         Harm     .   (no gloves)
MR       .....                  m - +0 pair of boots
Stlth    ..........             (no amulet)
HPRegen  0.15/turn              (no ring)
MPRegen  0.09/turn              (no ring)

@: lethally poisoned (-3 -> -7)
A: retaliatory headbutt, horns 2
a: no special abilities


You were on level 4 of the Dungeon.
You were hungry.

You visited 1 branch of the dungeon, and saw 4 of its levels.

You collected 269 gold pieces.

Inventory:

Hand Weapons
 a - a +0 flail (weapon)
Armour
 c - a +0 medium shield (worn)
 m - a +0 pair of boots (worn)
 p - a +2 chain mail of poison resistance (worn)
Scrolls
 j - a scroll of identify
 l - a scroll of remove curse
Potions
 d - a potion of might
 f - 3 potions of flight {unknown}
 g - 4 potions of degeneration {unknown}
 h - a potion of haste {unknown}
 i - 2 potions of resistance {unknown}
 n - a potion of ambrosia {unknown}
Comestibles
 e - 4 rations {!d}


   Skills:
 + Level 4.5 Fighting
 * Level 4.6 Maces & Flails
 + Level 4.6 Armour
 + Level 2.0 Dodging
 + Level 4.7 Shields


You had 4 spell levels left.
You didn't know any spells.
Your spell library was empty.

Dungeon Overview and Level Annotations

Branches:
Dungeon (4/12)
 Temple: D:4-7

Altars:

Annotations:
D:3 1 runed door


Innate Abilities, Weirdness & Mutations

You reflexively headbutt those who attack you in melee.
You have a pair of horns on your head.


Message History

You miss something. You block the scorpion's attack.
Something hits you but does no damage.
You barely miss something. You headbutt something. The scorpion stings you.
Something hits you but does no damage.
You barely miss something. The scorpion stings you.
* * * LOW HITPOINT WARNING * * *
You are poisoned.
The scorpion poisons you! You block something's attack.
You miss something.
You feel sick. You block the scorpion's attack.
Something hits you but does no damage. You block the scorpion's attack.
You closely miss something. You headbutt something!
You feel sick. Something hits you.
* * * LOW HITPOINT WARNING * * *
Something shocks you.
* * * LOW HITPOINT WARNING * * *
The scorpion stings you but does no damage.
Something hits you.
* * * LOW HITPOINT WARNING * * *
Something shocks you.
You die...

#.#######†# # #.
.#<#.÷...#.##### #.
.#.#.###.#.....# #.
.#<#.....'.....'
###.##.#.##########..#
......#.# ##>## #.[. .
#.≈%.#.# #8...8##..#
.. #.s{.#.#
#.....##..# ...
#.#@##.##8.....8#...
#..
#....#.###.....#####
s. #)##.#.#
#8...8##... #.#....#.#
#... #...)###.## ####
+..###'....#
####...##.##
#..#####..# #..# ####


You could see a scorpion.

Vanquished Creatures
  A crimson imp (D:4)
  2 hounds (D:4)
  An orc wizard (D:4)
  Robin (D:3)
  A gnoll (D:2)
  An ooze (D:3)
  2 worms (D:3)
  A dart slug (D:3)
  3 leopard geckos
  14 orcs
  3 ball pythons
  3 giant cockroaches
  13 hobgoblins
  3 jackals (D:2)
  A bat (D:2)
  4 frilled lizards
  5 kobolds
  2 rats
61 creatures vanquished.

Notes
Turn   | Place    | Note
-------+----------+-------------------------------------------
     0 | D:1      | Freyura the Minotaur Fighter began the quest for the Orb.
     0 | D:1      | Reached XP level 1. HP: 19/19 MP: 0/0
   109 | D:1      | Reached XP level 2. HP: 27/27 MP: 1/1
   585 | D:2      | Reached XP level 3. HP: 23/33 MP: 2/2
  1558 | D:3      | Found a runed door.
  1665 | D:3      | Reached XP level 4. HP: 35/40 MP: 3/3
  1699 | D:3      | Reached skill level 1 in Dodging
  1735 | D:3      | Noticed Robin
  1747 | D:3      | Killed Robin
  2127 | D:4      | Reached XP level 5. HP: 30/47 MP: 4/4
  2276 | D:4      | Noticed a sky beast
  2333 | D:4      | Slain by a sky beast

Skill      XL: |  1  2  3  4  5 |
---------------+----------------+-----
Shields        | 4 |  4.7
Maces & Flails | 3 4 |  4.6
Armour         | 4 |  4.6
Fighting       | 4 |  4.5
Dodging        | 1 2 |  2.0

Action                   |  1- 3 |  4- 6 || total
-------------------------+-------+-------++-------
Melee: Flail             |   134 |   107 ||   241
       Headbutt          |    17 |    23 ||    40
  Use: Scroll            |     3 |     2 ||     5
  Eat: Chunk             |     7 |     5 ||    12
Armor: Scale mail        |    57 |    13 ||    70
       Chain mail        |       |    59 ||    59
Dodge: Dodged            |    30 |    15 ||    45
Block: Medium shield     |    68 |    60 ||   128
